 Dungeon Crawl Stone Soup version 0.30.0-15-g856e2d3f33 (webtiles) character file.

Game seed: 2931541009890582164

11 Sanktem7 the Trooper (level 2, -3/27 HPs)
             Began as a Minotaur Fighter on May 19, 2023.
             Slain by a gnoll
             ... wielding a +3 flail
              (5 damage)
             ... on level 1 of the Dungeon.
             The game lasted 00:00:26 (88 turns).

Sanktem7 the Trooper (Minotaur Fighter)               Turns: 88, Time: 00:00:26

Health: -3/27      AC:  7    Str: 20    XL:     2   Next: 13%
Magic:  1/1        EV:  9    Int:  5    God:
Gold:   0          SH:  4    Dex:  9    Spells: 1/1 levels left

rFire   . . .        a - +0 war axe {axe}
rCold   . . .        c - +0 buckler
rNeg    . . .        b - +0 scale mail
rPois   .            (helmet restricted)
rElec   .            (no cloak)
rCorr   .            (no gloves)
SInv    .            (no boots)
Will    .....        (no amulet) Stlth
                     (no ring)
HPRegen 0.24/turn    (no ring)
MPRegen 0.07/turn

%: no passive effects
@: no status effects
A: horns 2, retaliatory headbutt
a: no special abilities


You were on level 1 of the Dungeon.
You visited 1 branch of the dungeon, and saw 1 of its levels.


Innate Abilities, Weirdness & Mutations

You have a pair of horns on your head.
You reflexively headbutt those who attack you in melee.


   Skills:
 + Level 3.8 Fighting
 * Level 2.9 Axes
 + Level 3.8 Armour
 + Level 3.8 Shields


You had one spell level left.
You didn't know any spells.
Your spell library was empty.

Inventory:

Hand Weapons
 a - a +0 war axe (weapon) {axe}
Armour
 b - a +0 scale mail (worn)
 c - a +0 buckler (worn)
Scrolls
 h - a scroll of fear {unknown}
Potions
 d - a potion of might
 e - a potion of lignification {unknown}
 f - a potion of ambrosia {unknown}
 g - 2 potions of mutation {unknown}

Dungeon Overview and Level Annotations

Branches:
Dungeon (1/15) Zot: 5905

Altars:

#.......# ........
#.......# #......
#.......# ......
#...#...... #....
#####.####### #.#.#
...........####.#.####
........##....$......#
.................)...#
........#.#.....@....#
#.#)......####!gg......#
#.######### #.....###.#
# #.....# . ........
.......### ...######
....


You could see a gnoll and a hobgoblin.


Message History

No target in view!
No target in view!
No target in view!
No target in view!
No target in view!
No target in view!
A goblin comes into view. It is wielding a +0 dagger.
The goblin shouts!
A goblin is nearby!
A goblin is nearby!
You hit the goblin. Your headbutt misses the goblin.
The goblin hits you but does no damage.
You barely miss the goblin. You headbutt the goblin.
You kill the goblin!
No target in view!
No target in view!
No target in view!
No target in view!
No target in view!
No target in view!
No target in view!
No target in view!
No target in view!
No target in view!
No target in view!
No target in view!
No target in view!
No target in view!
No target in view!
No target in view!
Things that are here:
a +0 dagger {short}; a goblin corpse
h - a scroll labelled YKHLAD DUUCSA A bat comes into view.
A bat is nearby!
The bat closely misses you.
You slash the bat!
You kill the bat!
No target in view!
No target in view!
No target in view!
No target in view!
No target in view!
No target in view!
No target in view!
No target in view!
No target in view!
No target in view!
No target in view!
No target in view!
No target in view!
No target in view!
A goblin comes into view. It is wielding a +0 club.
The goblin shouts!
A goblin is nearby!
A gnoll comes into view. It is wielding a +3 flail.
The gnoll shouts!
A jackal comes into view.
The jackal barks!
You hear an angry hiss.
A jackal comes into view.
The jackal barks!
The goblin hits you but does no damage.
You hit the goblin.
You kill the goblin!
The jackal barely misses you. You furiously retaliate!
You headbutt the jackal!
You kill the jackal!
You have reached level 2! 😎 HP[+7] MP[+1]
You now have 27 max hp (+7).
Your hp is fully restored (27).
Your mp is fully restored (1).
The gnoll hits you with a +3 flail. 😕 HP[-2]
You take 2 damage, and now have 25/27 hp.
You barely miss the gnoll. The gnoll hits you with a +3 flail.
The gnoll barely misses you. 😕 HP[-3]
You take 3 damage, and now have 22/27 hp.
You hit the gnoll. You hit the jackal. The jackal barely misses you.
The gnoll misses you. The jackal misses you.
You slash the jackal!
You kill the jackal!
You barely miss the gnoll.
A hobgoblin comes into view.
The gnoll hits you with a +3 flail!
* * * LOW HITPOINT WARNING * * *
The gnoll hits you with a +3 flail.
* * * LOW HITPOINT WARNING * * *
The hobgoblin shouts!
You are too injured to fight recklessly!
You are too injured to fight recklessly!
You are too injured to fight recklessly! 😨 HP[-15]
You take 15 damage, and now have 7/27 hp.
MASSIVE DAMAGE!! (PAUSE)
You slash the gnoll! The gnoll hits you with a +3 flail.
* * * LOW HITPOINT WARNING * * *
😱 HP[-5]
You take 5 damage, and now have 2/27 hp.
You hit the gnoll but do no damage. The gnoll hits you with a +3 flail.
You die...

Action                     || total
---------------------------++-------
  Melee: War axe           ||    15
         Headbutt          ||     1
 Armour: Scale mail        ||    10
  Dodge: Dodged            ||    10

Levels and vault maps discovered:
D:1:      saegor_arrival_simple_a, layout_basic, st_stairs_3,
          corexii_hall_statues_x

Notes
Turn   | Place    | Note
-------+----------+-------------------------------------------
     0 | D:1      | Sanktem7 the Minotaur Fighter began the quest for the Orb.
     0 | D:1      | Reached XP level 1. HP: 19/19 MP: 0/0
     0 | D:1      | magus.rc [v1.9.6]
    83 | D:1      | Reached XP level 2. HP: 27/27 MP: 1/1
    87 | D:1      | HP: 2/27 [gnoll/+3 flail (5)]
    88 | D:1      | Slain by a gnoll

Vanquished Creatures
  2 goblins (D:1)
  4 jackals (D:1)
  A kobold (D:1)
  A bat (D:1)
  A rat (D:1)
9 creatures vanquished.

Table legend:
 A = Non-vault XP
 B = Vault XP
 C = Vault XP percentage of total XP
 D = Non-vault monster count
 E = Vault monster count
 F = Vault count percentage of total count
                 A         B        C        D         E       F
            +---------+---------+-------+---------+---------+-------
      Total |      16 |       0 |   0.0 |       9 |       0 |   0.0
            +---------+---------+-------+---------+---------+-------
        D:1 |      16 |       0 |   0.0 |       9 |       0 |   0.0
            +---------+---------+-------+---------+---------+-------

Action                     || total
---------------------------++-------
  Melee: War axe           ||    15
         Headbutt          ||     1
 Armour: Scale mail        ||    10
  Dodge: Dodged            ||    10

Illustrated notes

Table legend:
 A = Kills in this place as a percentage of kills in the entire game.
 B = Kills by you in this place as a percentage of kills by you in the entire game.
 C = Kills by friends in this place as a percentage of kills by friends in the entire game.
 D = Other kills in this place as a percentage of other kills in the entire game.
 E = Experience gained in this place as a percentage of experience gained in the entire game.
 F = Experience gained in this place divided by the number of levels of this place that you have seen.
                   A       B       C       D       E      F
               +-------+-------+-------+-------+-------+----------------------
         Total | 100.0 | 100.0 |   N/A |   N/A | 100.0 |  16.0
       Dungeon | 100.0 | 100.0 |   N/A |   N/A | 100.0 |  16.0
               +-------+-------+-------+-------+-------+----------------------

Table legend: (Time is in decaauts)
 A = Elapsed time spent in this place.
 B = Non-inter-level travel time spent in this place.
 C = Inter-level travel time spent in this place.
 D = Time resting spent in this place.
 E = Time spent auto-exploring this place.
 F = Levels seen in this place.
 G = Mean time per level.
                   A        B        C        D        E       F      G
               +--------+--------+--------+--------+--------+-----+--------+
         Total |     93 |     93 |      0 |      0 |     55 |   1 |   93.0 |
       Dungeon |     93 |     93 |      0 |      0 |     55 |   1 |   93.0 |
               +--------+--------+--------+--------+--------+-----+--------+

Top non-repeatable levels by time:
     D:1: 93 daAuts
